 Dungeon Crawl Stone Soup version 0.32-a0-576-g706899e69d (webtiles) character file.

Game seed: 8390256243971616906

110917 cforsyth the Severer (level 16, -2/135 HPs)
             Began as a Mountain Dwarf Necromancer on Mar 1, 2024.
             Was a High Priest of Kikubaaqudgha.
             Succumbed to a guardian serpent's bolt of poison
             ... on level 1 of the Snake Pit.
             The game lasted 01:43:13 (32596 turns).

cforsyth the Severer (Mountain Dwarf Necromancer)  Turns: 32596, Time: 01:43:14

Health: -2/135     AC: 34    Str: 17    XL:     16   Next: 8%
Magic:  30/32      EV:  7    Int: 16    God:    Kikubaaqudgha [*****.]
Gold:   2598       SH:  0    Dex: 10    Spells: 20/39 levels left

rFire   + + .        z - +8 frozen axe "Frostbite" {freeze, freezing cloud, *Noise Fly rC+}
rCold   + + +        (shield currently unavailable)
rNeg    . . .        g - +2 plate armour {rF+}
rPois   .            f - +2 helmet
rElec   .            w - scarf {rC+ rF+}
rCorr   .            P - +2 pair of gloves
SInv    .            B - +1 pair of boots
Will    +....        (no amulet) Stlth
                     C - ring of protection from cold
HPRegen 0.42/turn    T - +4 ring of protection
MPRegen 0.23/turn

%: no passive effects
@: lethally poisoned (-2 -> -19), animating dead, flying, studying Summonings
A: runic magic, artefact enchanting, talons 1, iridescent scales 1, dopey 1
a: Renounce Religion, Unearth Wretches, Torment


You were on level 1 of the Snake Pit.
You worshipped Kikubaaqudgha.
Kikubaaqudgha was extremely pleased with you.
You visited 5 branches of the dungeon, and saw 24 of its levels.
You also visited: Ice Cave.

You collected 3470 gold pieces.
You spent 872 gold pieces at shops.


Innate Abilities, Weirdness & Mutations

Your spellcasting is much less encumbered by armour.
You can use scrolls of enchantment on lesser artefacts.
You have sharp toenails.
You are partially covered in iridescent scales. (AC +2)
You are dopey. (Int -2)


   Skills:
 - Level 10.5 Fighting
 - Level 17.8(18.0) Axes
 - Level 4.0(12.3) Maces & Flails
 - Level 14.3 Armour
 - Level 1.3 Dodging
 - Level 1.4 Stealth
 - Level 12.2 Spellcasting
 - Level 16.3 Necromancy
 + Level 8.0 Evocations


You had 20 spell levels left.
You knew the following spells:

 Your Spells              Type           Power      Damage    Failure   Level
a - Animate Dead          Necr           58%        N/A       1%          4
d - Death Channel         Necr           29%        N/A       2%          6
n - Dispel Undead         Necr           58%        3d21      1%          4
X - Necrotise             Necr           100%       1d9       1%          1
Y - Anguish               Hex/Necr       17%        N/A       4%          4

Your spell library contained the following spells:

 Spells                   Type           Power      Damage    Failure   Level
 Sublimation of Blood     Necr           58%        N/A       1%          2
 Fugue of the Fallen      Necr           58%        N/A       1%          3
 Vampiric Draining        Necr           58%        2d10      1%          3
 Curse of Agony           Necr           58%        N/A       1%          5
 Blink                    Tloc           18%        N/A       22%         2
 Call Imp                 Summ           18%        N/A       22%         2
 Ensorcelled Hibernation  Hex/Ice        18%        N/A       22%         2
 Jinxbite                 Hex            18%        N/A       22%         2
 Lesser Beckoning         Tloc           18%        N/A       22%         2
 Momentum Strike          Conj/Tloc      18%        3d8       22%         2
 Scorch                   Fire           18%        2d5       22%         2
 Static Discharge         Conj/Air       18%        3-4/arc   22%         2
 Dazzling Flash           Conj/Hex       18%        N/A       41%         3
 Frozen Ramparts          Ice            18%        1d3       41%         3
 Gell's Gravitas          Tloc           9%         N/A       41%         3
 Mephitic Cloud           Conj/Alch/Air  9%         N/A       41%         3
 Summon Ice Beast         Ice/Summ       9%         N/A       41%         3
 Teleport Other           Tloc           9%         N/A       41%         3
 Tukima's Dance           Hex            9%         N/A       41%         3
 Airstrike                Air            4%         2d(1-17)  82%         4
 Flame Wave               Conj/Fire      9%         2d6       82%         4
 Ignite Poison            Fire/Alch      9%         N/A       82%         4
 Leda's Liquefaction      Alch/Erth      4%         N/A       82%         4
 Passage of Golubria      Tloc           9%         N/A       82%         4
 Petrify                  Alch/Erth      9%         N/A       82%         4
 Sticky Flame             Fire/Alch      9%         2d5       82%         4
 Summon Lightning Spire   Summ/Air       9%         N/A       82%         4
 Freezing Cloud           Conj/Ice/Air   4%         6-21      99%         5
 Metabolic Englaciation   Hex/Ice        4%         N/A       99%         5
 Silence                  Hex/Air        4%         N/A       99%         5
 Summon Mana Viper        Hex/Summ       9%         N/A       99%         5
 Yara's Violent Unravell  Hex/Alch       4%         3d4       99%         5
 Conjure Ball Lightning   Conj/Air       4%         3x3d6     100%        6
 Dispersal                Tloc           4%         N/A       100%        6
 Summon Cactus Giant      Summ           4%         N/A       100%        6
 Enfeeble                 Hex            4%         N/A       100%        7
 Monstrous Menagerie      Summ           4%         N/A       100%        7
 Ozocubu's Refrigeration  Ice            4%         4d8       100%        7
 Summon Hydra             Summ           4%         N/A       100%        7
 Discord                  Hex            4%         N/A       100%        8
 Disjunction              Tloc           4%         N/A       100%        8
 Ignition                 Fire           4%         3d4       100%        8

Inventory:

Hand Weapons
 z - the +8 frozen axe "Frostbite" (weapon) {freeze, freezing cloud, *Noise Fly rC+}
   (You acquired it on level 2 of the Orcish Mines)

   rC+:       It protects you from cold.
   Fly:       It grants you flight.
   *Noise:    It may make a loud noise when swung.
 G - a +0 broad axe of flaming
 I - the +7 whip of Eternity {drain, rPois Will+++ Str-4 Dex-2}
   (You found it on level 10 of the Dungeon)

   Str-4:     It affects your strength (-4).
   Dex-2:     It affects your dexterity (-2).
   rPois:     It protects you from poison.
   Will+++:   It greatly increases your willpower.
Armour
 f - a +2 helmet (worn)
 g - a +2 plate armour of fire resistance (worn)
 w - a scarf of resistance (worn)
 B - a +1 pair of boots (worn)
 P - a +2 pair of gloves (worn)
 Z - a +0 hat of see invisible
Jewellery
 p - an amulet of regeneration
 C - a ring of protection from cold (left hand)
 N - a ring of positive energy
 Q - an amulet of magic regeneration
 R - a ring of resist corrosion
 S - a +6 ring of strength
 T - a +4 ring of protection (right hand)
 W - a ring of willpower
Wands
 h - a wand of paralysis (16)
 n - a wand of digging (4)
 q - a wand of flame (13)
 D - a wand of iceblast (11)
 J - a wand of polymorph (21)
 O - a wand of mindburst (2)
Scrolls
 c - a scroll of noise
 d - 10 scrolls of identify {@r1}
 m - 4 scrolls of immolation
 s - 2 scrolls of amnesia
 t - a scroll of revelation
 u - 3 scrolls of vulnerability
 A - 6 scrolls of teleportation {@r2}
 F - 4 scrolls of poison
 H - 2 scrolls of fog
 K - 2 scrolls of fear
 L - 3 scrolls of enchant weapon
 Y - 2 scrolls of enchant armour
Potions
 b - 2 potions of magic
 e - 3 potions of brilliance
 i - 2 potions of ambrosia
 j - 2 potions of might
 k - 2 potions of heal wounds {@q2}
 l - 2 potions of resistance
 o - 3 potions of cancellation
 r - 12 potions of curing {@q1}
 v - 2 potions of invisibility
 x - 3 potions of haste {@q3}
 y - 4 potions of attraction
 E - 4 potions of enlightenment
 U - 3 potions of lignification
 V - a potion of berserk rage {!q}
Miscellaneous
 a - a lightning rod (1/4)

Dungeon Overview and Level Annotations

Branches:
Dungeon (15/15)            Temple (1/1) D:7            Lair (5/5) D:10
 Shoals (0/4) Lair:3        Snake (1/4) Lair:3        Slime (0/5) Lair:4
    Orc (2/2) D:11            Elf (0/3) Orc:2        Vaults (0/5) D:14
 Depths (0/4) D:15          IceCv (visited)

Altars:
Ashenzari
Cheibriados
Dithmenos
Elyvilon
Fedhas
Hepliaklqana
Kikubaaqudgha
Makhleb
Nemelex Xobeh
Okawaru
Qazlal
Ru
Sif Muna
Trog
Uskayaw
Vehumet
Wu Jian
Xom
Yredelemnul
Zin
The Shining One
Jiyva

Shops:
D:3 !   D:9 (   Orc:2 (?=(:   Snake:1 ?

Annotations:
Lair:1 2 transporters, HilariousDeathArtist's ghost, journeyman DjMo
Orc:2 3 runed translucent doors, hikkokomori's ghost, journeyman MDCA

##....#
##.###
##### ##.#
..... #.##
...... #.##
......
#..###
#....#
#....##...#
#.###.....#
#.# ##@..##
#.# #SN..#
#.##.N...#
#.#......#
#.........
........##.
#........#
..
###.......
..


You could see 2 salamanders and a guardian serpent.


Message History

You slice the guardian serpent!! You freeze the guardian serpent.
The guardian serpent is heavily wounded.
You slice the salamander!! You freeze the salamander!
You feel sick. The guardian serpent hits you.
* * * LOW HITPOINT WARNING * * *
The guardian serpent casts a spell at you.
The bolt of poison hits you but does no damage.
You are more poisoned.
Unknown command.
Unknown command.
Unknown command.
You slash the guardian serpent! You freeze the guardian serpent.
The guardian serpent is almost dead.
You slash the salamander! You freeze the salamander!
You feel very sick.
The guardian serpent is engulfed in freezing vapours.
The guardian serpent hits you!
* * * LOW HITPOINT WARNING * * *
The salamander hits you with a +1 heavy spear!!
* * * LOW HITPOINT WARNING * * *
You are engulfed in flames.
You resist.
* * * LOW HITPOINT WARNING * * *
The salamander hits you but does no damage.
Unknown command.
Unknown command.
You barely miss the guardian serpent.
The guardian serpent is almost dead.
You hit the salamander but do no damage.
You die...
Kikubaaqudgha rasps: You have failed me!
Welcome... death!

Skill      XL: |  1  2  3  4  5  6  7  8  9 10 11 12 13 14 15 16 |
---------------+-------------------------------------------------+-----
Fighting       | 1 2 3 4 5 6 7 9 10 | 10.5
Necromancy     | 5 6 7 8 9 10 11 12 14 16 | 16.3
Maces & Flails | 2 4 |  4.0
Axes           | 1 5 9 11 17 | 17.8
Armour         | 4 9 12 14 | 14.3
Spellcasting   | 3 6 7 12 | 12.2
Evocations     | 6 8 |  8.0
Dodging        | |  1.3
Stealth        | |  1.4

Action                     |  1- 3 |  4- 6 |  7- 9 | 10-12 | 13-15 | 16-18 || total
---------------------------+-------+-------+-------+-------+-------+-------++-------
  Melee: Unarmed           |    13 |       |       |       |       |       ||    13
         Hand axe          |       |    22 |       |       |       |       ||    22
         Flail             |       |     7 |    31 |       |       |       ||    38
         War axe           |       |       |   114 |   327 |       |       ||   441
         Whip              |       |       |       |   639 |  1283 |       ||  1922
         Executioner's axe |       |       |       |       |   229 |    30 ||   259
         Broad axe         |       |       |       |       |   149 |       ||   149
   Cast: Necrotise         |    73 |    86 |   112 |       |       |       ||   271
         Animate Dead      |       |       |       |    16 |    18 |     2 ||    36
         Death Channel     |       |       |       |       |    37 |       ||    37
         Anguish           |       |       |       |       |    14 |     1 ||    15
 Invoke: Unearth Wretches  |       |       |       |     8 |    12 |     3 ||    23
  Evoke: Wand              |       |       |     7 |     9 |     7 |       ||    23
         Lightning rod     |       |       |       |       |     8 |     3 ||    11
    Use: Potion            |       |     1 |     3 |     3 |     9 |       ||    16
         Scroll            |       |       |    12 |    13 |    13 |       ||    38
   Stab: Distracted        |       |       |     1 |     8 |    14 |       ||    23
         Paralysed         |       |       |       |    22 |    12 |     5 ||    39
         Petrified         |       |       |       |       |     8 |       ||     8
         Petrifying        |       |       |       |       |     1 |       ||     1
 Armour: Robe              |     7 |       |       |       |       |       ||     7
         Chain mail        |    30 |    84 |   337 |   678 |       |       ||  1129
         Plate armour      |       |       |       |   228 |  2363 |    63 ||  2654
  Dodge: Dodged            |    21 |    14 |   104 |   250 |   464 |    12 ||   865

Levels and vault maps discovered:
D:1:      ldierk_walled_garden, layout_loops_ring
D:2:      layout_basic, uniq_crazy_yiuf_cottage
D:3:      layout_basic, nicolae_overflow_hidden_temple,
          chequers_ecumenical_altar_island, serial_shops,
          nicolae_shop_advertising_works [nicolae_subvault_shop_adworks]
D:4:      layout_cave_pods
D:5:      layout_loops_cross, dk_vineyard_1, dreamdust_princess_bridge
D:6:      layout_layer_cave, yredelemnul_forgotten_temple_becter,
          minmay_overflow_temple_hex, minivault_4
D:7:      black_bear_nest_1, layout_cave_pools, old_standard_altar,
          temple_pool_b
D:8:      minmay_diamond_stairs, layout_loops_ring, kennysheep_mini,
          uniq_amaemon, uniq_jeremiah, uniq_grum
D:9:      layout_cave_pools, gammafunk_temple_overflow_arena, serial_shops,
          nicolae_shop_pleasant_corner_grove, amethyst_killhole
D:10:     layout_irregular_city, dpeg_lair_monsters
D:11:     minmay_four_partial_circles, layout_long_grid, hiddenorc1_lemuel,
          uniq_harold, uniq_gastronok, uniq_lodul
D:12:     layout_irregular_city
D:13:     layout_rooms, uniq_sonja, uniq_urug
D:14:     layout_roguey, lightli_vaults_fourway_checkpoint, columned_hall_lemuel
D:15:     gammafunk_enter_depths_forms, layout_cave_pods,
          chequers_serial_rivers_small_3
Temple:   nicolae_temple_bog_church
Lair:1:   layout_regular_city, gammafunk_ghost_wrathful_warriors,
          lemuel_fruit_tree
Lair:2:   layout_cave_shapes, lemuel_old_faithful
Lair:3:   layout_cave_shapes, minmay_shoals_entry_hut,
          minmay_snake_entry_guardpost_small, portal_ice_cave_entry_pillars_1,
          nicolae_lair_lakeside_cave, grunt_megastairs_4,
          infiniplex_staircase_pool_2
Lair:4:   layout_regular_city, slime_entry_1, basic_altar, roderic_batcave,
          minivault_27, serial_bayou_shore_a
Lair:5:   grunt_lair_end_beastmaster, layout_small_grid,
          chequers_serial_rivers_micro_c, grunt_forest_stairs_basic,
          grunt_megastairs_1
Snake:1:  layout_chambers, serial_shops, shop, minmay_shoptagon, uniq_mlioglotl
Orc:1:    layout_caves, serial_shops
Orc:2:    grunt_orc_tribal_feast, layout_diamond_mine,
          maelrawn_ghost_gauntlet_escape, nicolae_shop_self_help,
          uniq_saint_roka, uniq_erolcha, uniq_maurice

Notes
Turn   | Place    | Note
-------+----------+-------------------------------------------
     0 | D:1      | cforsyth the Mountain Dwarf Necromancer began the quest for
                  | the Orb.
     0 | D:1      | Reached XP level 1. HP: 14/14 MP: 3/3
   154 | D:1      | Reached skill level 1 in Fighting
   251 | D:1      | Reached XP level 2. HP: 23/23 MP: 2/4
  1038 | D:2      | Reached skill level 2 in Fighting
  1098 | D:1      | Reached skill level 5 in Necromancy
  1098 | D:1      | Reached XP level 3. HP: 24/29 MP: 1/5
  1490 | D:2      | Found a runed translucent door.
  1491 | D:2      | Noticed Crazy Yiuf
  1650 | D:2      | Reached XP level 4. HP: 37/37 MP: 2/6
  2047 | D:3      | Found a faded altar of an unknown god.
  2138 | D:3      | Reached skill level 3 in Fighting
  2420 | D:3      | Found Gaudihaq's Distillery.
  2456 | D:3      | Bought a potion of heal wounds for 60 gold pieces
  2456 | D:3      | Bought a potion of might for 48 gold pieces
  2795 | D:4      | Noticed an ogre
  2970 | D:4      | Noticed a black bear
  3357 | D:4      | Noticed a scorpion
  3381 | D:4      | Killed a scorpion
  3382 | D:4      | Reached skill level 6 in Necromancy
  3382 | D:4      | Reached XP level 5. HP: 27/46 MP: 5/7
  3492 | D:4      | Noticed a black bear
  3513 | D:4      | Killed a black bear
  3514 | D:4      | Reached skill level 4 in Fighting
  3514 | D:4      | Reached XP level 6. HP: 43/53 MP: 2/8
  3916 | D:4      | Learned a level 4 spell: Animate Dead
  4017 | D:4      | Noticed a sky beast
  4027 | D:4      | Killed a sky beast
  4028 | D:4      | Reached skill level 5 in Fighting
  4028 | D:4      | Reached skill level 1 in Maces & Flails
  4028 | D:4      | Reached skill level 7 in Necromancy
  4175 | D:4      | Reached skill level 2 in Maces & Flails
  4175 | D:4      | Reached XP level 7. HP: 19/61 MP: 4/9
  4613 | D:5      | Entered Level 5 of the Dungeon
  4658 | D:5      | Identified a scarf of resistance
  4787 | D:5      | Reached skill level 3 in Maces & Flails
  4894 | D:5      | Reached skill level 6 in Fighting
  5039 | D:5      | Reached skill level 4 in Maces & Flails
  5716 | D:6      | Reached skill level 1 in Axes
  5716 | D:6      | Reached skill level 8 in Necromancy
  5716 | D:6      | Reached XP level 8. HP: 71/71 MP: 2/10
  5820 | D:5      | Reached skill level 2 in Axes
  5980 | D:6      | Reached skill level 7 in Fighting
  5983 | D:6      | Reached skill level 3 in Axes
  6364 | D:6      | Found a hide-covered altar of Uskayaw.
  6364 | D:6      | Found a glowing golden altar of the Shining One.
  6364 | D:6      | Found a sparkling altar of Nemelex Xobeh.
  6364 | D:6      | Found a bloodstained altar of Trog.
  6372 | D:6      | Found a shimmering altar of Xom.
  6377 | D:6      | Found a hazy altar of Hepliaklqana.
  6501 | D:6      | Reached skill level 4 in Axes
  7091 | D:6      | Found a basalt altar of Yredelemnul.
  7117 | D:6      | Reached skill level 9 in Necromancy
  7402 | D:7      | Identified a potion of resistance
  7530 | D:7      | Found a staircase to the Ecumenical Temple.
  7571 | Temple   | Entered the Ecumenical Temple
  7587 | Temple   | Became a worshipper of Kikubaaqudgha
  7759 | D:7      | Found a burning altar of Makhleb.
  7873 | D:7      | Reached skill level 5 in Axes
  7873 | D:7      | Reached XP level 9. HP: 81/81 MP: 9/11
  7926 | D:7      | Reached skill level 8 in Fighting
  8117 | D:8      | Noticed a red ugly thing
  8118 | D:8      | Noticed a centaur warrior
  8125 | D:8      | Killed a centaur warrior
  8126 | D:8      | Reached skill level 7 in Axes
  8133 | D:8      | Killed a red ugly thing
  8134 | D:8      | Reached skill level 9 in Fighting
  8134 | D:8      | Reached skill level 8 in Axes
  8134 | D:8      | Reached skill level 10 in Necromancy
  8204 | D:7      | Paralysed by a hornet for 3 turns
  8292 | D:8      | Noticed Grum
  8304 | D:8      | Killed Grum
  8305 | D:8      | Reached skill level 9 in Axes
  8392 | D:8      | Noticed Amaemon
  8470 | D:8      | Noticed a tengu conjurer
  8484 | D:7      | Killed a tengu conjurer
  8485 | D:7      | Reached XP level 10. HP: 40/91 MP: 10/12
  8630 | D:8      | Noticed a cyclops
  8901 | D:8      | Killed a cyclops
  8902 | D:8      | Reached skill level 10 in Axes
  9066 | D:8      | Reached skill level 10 in Fighting
  9146 | D:8      | Noticed Jeremiah
  9266 | D:8      | HP: 6/63 [Jeremiah/divine providence (13)]
  9373 | D:8      | Paralysed by Jeremiah for 5 turns
  9388 | D:8      | Paralysed by Jeremiah for 4 turns
  9415 | D:8      | Killed Jeremiah
  9416 | D:8      | Reached skill level 11 in Necromancy
  9543 | D:8      | Found a shadowy altar of Dithmenos.
  9661 | D:9      | Reached skill level 11 in Axes
  9831 | D:9      | Found Emyulepn's Weapon Shop.
  9959 | D:9      | Noticed a rakshasa
  9987 | D:9      | Found a radiant altar of Vehumet.
  9988 | D:9      | Found a transporter.
 10002 | D:9      | Found a transporter.
 10012 | D:9      | Found a white marble altar of Elyvilon.
 10013 | D:9      | Found a broken altar of Ashenzari.
 10182 | D:9      | Reached * piety under Kikubaaqudgha
 10182 | D:9      | Received a gift from Kikubaaqudgha
 10253 | D:10     | Entered Level 10 of the Dungeon
 10267 | D:9      | HP: 4/82 [yak (7)]
 10293 | D:9      | Reached skill level 1 in Armour
 10293 | D:9      | Reached skill level 2 in Spellcasting
 10307 | D:9      | Reached skill level 2 in Armour
 10365 | D:10     | Noticed a death yak
 10495 | D:10     | Reached skill level 3 in Armour
 10495 | D:10     | Reached skill level 3 in Spellcasting
 10499 | D:10     | Found a staircase to the Lair.
 10500 | D:10     | Noticed a death yak
 10594 | D:9      | Reached skill level 4 in Armour
 10660 | D:9      | Reached XP level 11. HP: 30/101 MP: 12/16
 10738 | D:9      | Reached skill level 4 in Spellcasting
 11130 | D:8      | Reached skill level 5 in Armour
 11401 | D:10     | Identified the +7 whip of Eternity {drain, rPois Will+++
                  | Str-4 Dex-2}
 11572 | D:10     | Reached skill level 6 in Armour
 11581 | D:10     | Reached skill level 5 in Spellcasting
 11853 | D:10     | Reached ** piety under Kikubaaqudgha
 11917 | D:10     | Reached skill level 7 in Armour
 11984 | D:10     | Reached skill level 6 in Spellcasting
 12386 | Lair:1   | Entered Level 1 of the Lair of Beasts
 12582 | Lair:1   | Noticed a five-headed hydra
 12680 | Lair:1   | Reached skill level 8 in Armour
 12852 | Lair:1   | Noticed HilariousDeathArtist's ghost (journeyman DjMo)
 12852 | Lair:1   | Noticed a spriggan rider
 12858 | Lair:1   | Found a bloodstained altar of Trog.
 12859 | Lair:1   | Noticed a spriggan berserker
 12865 | Lair:1   | Found a transporter.
 12884 | Lair:1   | Found a transporter.
 13068 | Lair:1   | Reached skill level 12 in Necromancy
 13112 | Lair:1   | Reached skill level 9 in Armour
 13112 | Lair:1   | Reached XP level 12. HP: 72/107 MP: 21/21
 13630 | Lair:2   | Noticed a four-headed hydra
 13636 | Lair:2   | Killed a four-headed hydra
 13637 | Lair:2   | Reached skill level 10 in Armour
 13661 | Lair:2   | Reached skill level 13 in Necromancy
 13733 | Lair:2   | Noticed a death yak
 13736 | Lair:2   | Noticed a death yak
 13758 | Lair:2   | Killed a death yak
 13769 | Lair:2   | Killed a death yak
 13771 | Lair:2   | Reached skill level 11 in Armour
 14238 | Lair:2   | Upgraded the game from 0.32-a0-571-gec57dfcd37 to
                  | 0.32-a0-576-g706899e69d
 14431 | Lair:3   | Found a frozen archway.
 14449 | IceCv    | Entered an ice cave
 14606 | IceCv    | Reached skill level 14 in Necromancy
 15240 | IceCv    | Noticed a white draconian
 15327 | IceCv    | Killed a white draconian
 15328 | IceCv    | Reached skill level 12 in Armour
 15520 | IceCv    | Got the Enchiridion on the Snowflakes
 15732 | Lair:3   | Reached XP level 13. HP: 108/114 MP: 17/22
 16061 | Lair:3   | Found a staircase to the Snake Pit.
 16147 | Lair:3   | Noticed a dire elephant
 16157 | Lair:3   | Reached skill level 15 in Necromancy
 16421 | Lair:3   | Found a staircase to the Shoals.
 16849 | Lair:3   | Reached skill level 13 in Armour
 17308 | Lair:3   | Killed a dire elephant
 17416 | Lair:3   | Reached *** piety under Kikubaaqudgha
 17416 | Lair:3   | Received a gift from Kikubaaqudgha
 17674 | Lair:3   | Identified the +1 whip "Yplehe" {freeze, Int+3}
 18029 | Lair:4   | Found a glowing silver altar of Zin.
 18033 | Lair:4   | Found a viscous altar of Jiyva.
 18034 | Lair:4   | Found a staircase to the Slime Pits.
 18071 | Lair:4   | Reached skill level 14 in Armour
 18071 | Lair:4   | Reached skill level 16 in Necromancy
 18346 | Lair:4   | Learned a level 4 spell: Dispel Undead
 18353 | Lair:4   | Learned a level 6 spell: Death Channel
 18358 | Lair:4   | Learned a level 4 spell: Anguish
 18902 | Lair:5   | Entered Level 5 of the Lair of Beasts
 19008 | Lair:5   | Reached skill level 7 in Spellcasting
 19008 | Lair:5   | Reached XP level 14. HP: 86/122 MP: 24/24
 19463 | Lair:5   | Reached skill level 8 in Spellcasting
 19557 | Lair:5   | Reached skill level 9 in Spellcasting
 19743 | Lair:5   | Reached **** piety under Kikubaaqudgha
 20268 | D:11     | Noticed Gastronok
 20279 | D:11     | Noticed Lodul
 20291 | D:11     | Killed Gastronok
 20299 | D:11     | Killed Lodul
 20416 | D:11     | Your ally Gastronok died
 20425 | D:11     | Your ally Lodul died
 20427 | D:11     | Reached skill level 10 in Spellcasting
 21001 | D:11     | Noticed Harold
 21031 | D:11     | Killed Harold
 21150 | D:11     | Found a staircase to the Orcish Mines.
 21928 | D:12     | Reached skill level 11 in Spellcasting
 22526 | Orc:1    | Entered Level 1 of the Orcish Mines
 22866 | Orc:2    | Entered Level 2 of the Orcish Mines
 22866 | Orc:2    | Noticed Saint Roka
 22896 | Orc:2    | Found Reomugif's Self-Improvement Boutique.
 22906 | Orc:2    | Found a staircase to the Elven Halls.
 23735 | Orc:2    | Noticed Erolcha
 23748 | Orc:1    | Killed Erolcha
 23925 | Orc:1    | Killed Saint Roka
 23926 | Orc:1    | Reached skill level 12 in Spellcasting
 23926 | Orc:1    | Reached XP level 15. HP: 44/128 MP: 29/31
 24445 | Orc:2    | Noticed hikkokomori's ghost (journeyman MDCA)
 24472 | Orc:2    | Reached skill level 12 in Axes
 24498 | Orc:2    | HP: 9/128 [orc warrior/+0 broad axe (15)]
 25608 | Orc:2    | Reached skill level 13 in Axes
 25825 | Orc:2    | Noticed Maurice
 25962 | Orc:2    | Something stole the +7 whip of Eternity {drain, rPois
                  | Will+++ Str-4 Dex-2}
 25969 | Orc:2    | Killed Maurice
 26381 | Orc:2    | Found a runed translucent gate.
 26383 | Orc:2    | Found a runed translucent gate.
 26388 | Orc:2    | Found a runed translucent gate.
 26835 | Orc:2    | Reached skill level 14 in Axes
 26840 | Orc:2    | Reached ***** piety under Kikubaaqudgha
 27073 | Orc:2    | Found Poetag's Weapon Shoppe.
 27073 | Orc:2    | Found Ewyikh's Weapon Shop.
 27075 | Orc:2    | Found Imnon Nonuga's Jewellery Shoppe.
 27075 | Orc:2    | Found Muics's Magic Scroll Shop.
 27085 | Orc:2    | Bought a scroll of acquirement for 624 gold pieces
 27085 | Orc:2    | Bought a scroll of teleportation for 36 gold pieces
 27085 | Orc:2    | Bought a scroll of fear for 48 gold pieces
 27088 | Orc:2    | Acquired the +8 frozen axe "Frostbite" {freeze, freezing
                  | cloud, *Noise Fly rC+}
 27088 | Orc:2    | Found the +8 frozen axe "Frostbite" {freeze, freezing
                  | cloud, *Noise Fly rC+}
 27565 | D:13     | Noticed Urug
 27572 | D:13     | Reached skill level 15 in Axes
 27576 | D:13     | Killed Urug
 27867 | D:13     | Identified the +5 trident of Might {protect, rF+ Int+4
                  | Dex-3 Stlth+}
 27990 | D:13     | Noticed Sonja
 27994 | D:13     | Killed Sonja
 28347 | D:14     | Reached skill level 16 in Axes
 28608 | D:14     | Found a gate to the Vaults.
 28828 | D:14     | Reached skill level 17 in Axes
 29113 | D:15     | Entered Level 15 of the Dungeon
 29975 | D:15     | Reached skill level 1 in Evocations
 29981 | D:15     | Reached skill level 2 in Evocations
 29988 | D:15     | Reached skill level 3 in Evocations
 30392 | D:15     | Reached skill level 4 in Evocations
 30403 | D:15     | Gained mutation: You do not regenerate when monsters are
                  | visible. [a shining eye]
 30735 | D:15     | Reached skill level 5 in Evocations
 31059 | D:15     | Found a staircase to the Depths.
 31217 | D:10     | Reached skill level 6 in Evocations
 31383 | D:2      | Lost mutation: You do not regenerate when monsters are
                  | visible. [potion of mutation]
 31383 | D:2      | Gained mutation: You are frail. (-10% HP) [potion of
                  | mutation]
 31384 | D:2      | Lost mutation: You are frail. (-10% HP) [potion of
                  | mutation]
 31384 | D:2      | Gained mutation: You are partially covered in iridescent
                  | scales. (AC +2) [potion of mutation]
 31384 | D:2      | Gained mutation: You are dopey. (Int -2) [potion of
                  | mutation]
 31384 | D:2      | Gained mutation: You have sharp toenails. [potion of
                  | mutation]
 31460 | D:2      | Killed Crazy Yiuf
 31589 | D:8      | Killed Amaemon
 31676 | D:9      | Paralysed by a hornet for 3 turns
 31695 | D:9      | Reached XP level 16. HP: 105/135 MP: 29/32
 31947 | Snake:1  | Entered Level 1 of the Snake Pit
 31956 | Snake:1  | Reached skill level 7 in Evocations
 31957 | Snake:1  | Noticed Mlioglotl
 31959 | Snake:1  | Noticed a tentacled starspawn
 31981 | Snake:1  | Noticed a bone dragon
 31994 | Snake:1  | HP: 8/135 [Mlioglotl (16)]
 31995 | Snake:1  | HP: 1/135 [Mlioglotl (7)]
 31995 | Snake:1  | Killed Mlioglotl
 32568 | Snake:1  | Found Teubris's Magic Scroll Shoppe.
 32572 | Snake:1  | Bought a scroll of fear for 56 gold pieces
 32593 | Snake:1  | Reached skill level 8 in Evocations
 32595 | Snake:1  | HP: 6/135 [salamander/+1 heavy spear (20)]
 32596 | Snake:1  | Succumbed to a guardian serpent's bolt of poison

Vanquished Creatures
  Saint Roka (Orc:1)
  A white draconian (IceCv)
  A great orb of eyes (D:15)
  Harold (D:11)
  Erolcha (Orc:1)
  A rakshasa (D:9)
  3 hydras
  4 centaur warriors
  An ogre mage (Orc:2)
  4 boulder beetles
  2 vault guards
  An alligator (Lair:3)
  A two-headed ogre (Orc:1)
  2 tengu warriors
  5 death yaks
  A deep troll shaman (Lair:5)
  Urug (D:13)
  4 orc high priests (Orc:2)
  2 shock serpents (Snake:1)
  Sonja (D:13)
  A naga warrior (Snake:1)
  A fire crab (Lair:3)
  Amaemon (D:8)
  A skeletal warrior (D:15)
  A mana viper (Lair:3)
  2 skysharks (Lair:5)
  Lodul (D:11)
  A lindwurm (Lair:5)
  A harpy (shapeshifter) (D:15)
  2 orc knights
  3 deep elf pyromancers (D:14)
  A salamander (Snake:1)
  8 cyclopes
  13 ugly things
  11 elephants
  2 manticores
  5 kobold blastminers
  8 black mambas
  An ice statue (IceCv)
  4 torpor snails
  11 cane toads
  An orange demon (D:8)
  2 gargoyles (D:11)
  Jeremiah (D:8)
  A kobold demonologist (D:10)
  3 unseen horrors
  2 tengu conjurers
  6 komodo dragons
  8 rime drakes
  2 freezing wraiths
  2 polar bears
  A troll (shapeshifter) (D:15)
  8 trolls
  13 blink frogs
  3 hornets
  2 wolf spider simulacra
  A dream sheep (Lair:5)
  5 slime creatures (D:15)
  2 centaur simulacra
  A vampire (D:7)
  9 wyverns
  49 yaks
  4 basilisks
  3 wraiths
  A water elemental (Lair:3)
  4 wargs
  A hog (shapeshifter) (D:6)
  A golden eye (shapeshifter) (D:15)
  Grum (D:8)
  10 vampire mosquitoes
  3 steam dragons
  2 acid dragons (D:11)
  4 nagas
  8 water moccasins
  22 orc warriors
  6 black bears
  3 ice beasts
  12 ogres
  4 laughing skulls
  A sky beast (D:4)
  7 centaurs
  6 wolves
  A weeping skull (D:6)
  8 bullfrogs
  A gnoll sergeant (D:10)
  4 scorpions
  7 killer bees
  4 lindwurm simulacra (IceCv)
  2 electric eels
  2 vampire bats (Lair:4)
  7 komodo dragon simulacra (IceCv)
  A jelly (D:7)
  A bombardier beetle (D:4)
  A hound (D:5)
  Crazy Yiuf (D:2)
  8 orc priests
  2 iguanas
  13 orc wizards
  15 gnolls
  6 acid dragon simulacra (IceCv)
  7 adders
  A shadow imp (D:6)
  A white imp (D:6)
  2 ufetubi (D:6)
  4 steam dragon simulacra (IceCv)
  3 dart slugs
  A ribbon worm (D:3)
  59 orcs
  9 bats
  5 endoplasms
  3 giant cockroaches
  4 goblins
  6 hobgoblins
  9 kobolds
  2 quokkas
  7 ball pythons
  An orc zombie (D:11)
  7 rats
  A spectral orc (D:6)
  A starspawn tentacle (Snake:1)
559 creatures vanquished.

Vanquished Creatures (collateral kills)
  Mlioglotl (Snake:1)
  Gastronok (D:11)
  A dire elephant (Lair:3)
  2 ogre magi (Orc:2)
  A rakshasa (D:15)
  A catoblepas (Lair:5)
  2 vault guards (D:14)
  3 hydras
  A centaur warrior (D:8)
  A boulder beetle (D:11)
  2 death yaks
  A skyshark (Lair:5)
  A cyclops (D:11)
  3 ugly things
  4 elephants
  A kobold blastminer (Orc:2)
  A black mamba (Lair:5)
  A gargoyle (D:12)
  2 torpor snails (Lair:2)
  An ice statue (IceCv)
  A cane toad (Lair:5)
  3 rime drakes
  5 komodo dragons
  A tengu conjurer (D:15)
  A polar bear (Lair:5)
  A troll (D:9)
  8 blink frogs
  A snapping turtle (Lair:3)
  A slime creature (D:15)
  21 yaks
  2 basilisks
  5 vampire mosquitoes (D:12)
  A naga (Lair:3)
  A jumping spider (shapeshifter) (D:15)
  An acid dragon (D:12)
  7 water moccasins
  5 orc warriors
  An ice beast (D:8)
  A black bear (Lair:5)
  4 wolves
  6 ogres (D:11)
  2 centaurs (D:12)
  2 kobold brigands
  2 bullfrogs (Lair:1)
  A gnoll sergeant (D:9)
  An orc priest (D:11)
  A sleepcap (D:8)
  7 orc wizards
  A hell rat (D:10)
  3 gnolls
  A white imp (D:8)
  13 orcs
  A bat (Lair:4)
  A goblin (D:2)
  7 kobolds
  A rat (D:3)
  A starspawn tentacle (Snake:1)
153 creatures vanquished.

Vanquished Creatures (others)
  A nagaraja (Snake:1)
  A dire elephant (Lair:5)
  An ettin (D:11)
  2 hydras (D:12)
  A boulder beetle (Lair:5)
  An ogre mage (D:11)
  A death knight (D:15)
  A shock serpent (Snake:1)
  3 orc knights
  A wolf spider (D:12)
  Maurice (Orc:2)
  A manticore (D:14)
  An orc sorcerer (Orc:2)
  A black mamba (Lair:2)
  A shock serpent zombie (Snake:1)
  An elephant slug zombie (D:11)
  2 cane toads
  2 naga magi (Snake:1)
  A rime drake (IceCv)
  A troll (Orc:2)
  2 hydra zombies
  A dream sheep (Lair:5)
  An ettin zombie (D:11)
  2 boulder beetle zombies
  5 black mamba zombies
  2 basilisks
  A naga (Snake:1)
  A skyshark zombie (Lair:5)
  3 cane toad zombies
  2 water moccasins (Lair:1)
  3 orc warriors
  A hornet zombie (D:11)
  2 ice beasts
  7 blink frog zombies
  An elephant zombie (Lair:2)
  A dream sheep zombie (Lair:5)
  3 ogres (Orc:2)
  3 rime drake zombies
  3 bullfrogs
  A fire crab zombie (Lair:3)
  A komodo dragon zombie (Lair:2)
  2 wyvern zombies
  A cyclops zombie (D:11)
  A warg zombie (Orc:2)
  6 water moccasin zombies
  6 yak zombies
  2 troll zombies (Orc:2)
  4 bullfrog zombies
  3 orc priests (Orc:2)
  2 basilisk zombies
  14 ogre zombies
  2 ice beast zombies (IceCv)
  7 naga zombies
  An adder (D:12)
  An adder zombie (D:12)
  36 orc zombies
  3 gnoll zombies (D:10)
  A ball python (D:12)
  A ball python zombie (D:12)
  A goblin zombie (D:12)
  6 kobold zombies (D:11)
  A rat (D:12)
  A rat zombie (D:12)
173 creatures vanquished.

Grand Total: 885 creatures vanquished

Table legend: (Time is in decaauts)
 A = Elapsed time spent in this place.
 B = Non-inter-level travel time spent in this place.
 C = Inter-level travel time spent in this place.
 D = Time resting spent in this place.
 E = Time spent auto-exploring this place.
 F = Levels seen in this place.
 G = Mean time per level.
                   A        B        C        D        E       F      G
               +--------+--------+--------+--------+--------+-----+--------+
         Total |  32172 |  30418 |   1754 |   6270 |  15939 |  25 | 1286.9 |
       Dungeon |  19461 |  18125 |   1336 |   2562 |  11040 |  15 | 1297.4 |
        Temple |     32 |      1 |     31 |      0 |      0 |   1 |   32.0 |
          Lair |   6993 |   6717 |    276 |   1177 |   3294 |   5 | 1398.6 |
     Snake Pit |    256 |    256 |      0 |    152 |     31 |   1 |  256.0 |
  Orcish Mines |   4357 |   4247 |    110 |   1901 |   1386 |   2 | 2178.5 |
      Ice Cave |   1070 |   1070 |      0 |    477 |    188 |   1 | 1070.0 |
               +--------+--------+--------+--------+--------+-----+--------+

Top non-repeatable levels by time:
   Orc:1: 2486 daAuts
  Lair:3: 2481 daAuts
    D:11: 2009 daAuts
     D:6: 1922 daAuts
   Orc:2: 1871 daAuts
    D:15: 1532 daAuts
     D:9: 1467 daAuts
     D:4: 1386 daAuts
  Lair:1: 1270 daAuts
     D:8: 1242 daAuts
  Lair:5: 1226 daAuts
     D:3: 1193 daAuts
     D:5: 1188 daAuts
     D:7: 1188 daAuts
     D:2: 1177 daAuts

Table legend:
 A = Non-vault XP
 B = Vault XP
 C = Vault XP percentage of total XP
 D = Non-vault monster count
 E = Vault monster count
 F = Vault count percentage of total count
                 A         B        C        D         E       F
            +---------+---------+-------+---------+---------+-------
      Total |   90134 |   68320 |  43.1 |     471 |     221 |  31.9
            +---------+---------+-------+---------+---------+-------
        D:1 |      49 |       0 |   0.0 |      22 |       0 |   0.0
        D:2 |      51 |      41 |  44.6 |      14 |       1 |   6.7
        D:3 |     200 |       0 |   0.0 |      20 |       0 |   0.0
        D:4 |     634 |       0 |   0.0 |      19 |       0 |   0.0
        D:5 |     804 |       0 |   0.0 |      19 |       0 |   0.0
        D:6 |     842 |     290 |  25.6 |      20 |       3 |  13.0
        D:7 |     790 |     723 |  47.8 |       6 |       4 |  40.0
        D:8 |     518 |    3775 |  87.9 |       7 |       8 |  53.3
        D:9 |    4253 |    1733 |  29.0 |      32 |       5 |  13.5
       D:10 |    5608 |    2396 |  29.9 |      33 |       7 |  17.5
       D:11 |    2531 |    8167 |  76.3 |      23 |      40 |  63.5
       D:12 |    5937 |       0 |   0.0 |      25 |       0 |   0.0
       D:13 |    2231 |    2429 |  52.1 |       5 |       3 |  37.5
       D:14 |    6080 |    5958 |  49.5 |      13 |       9 |  40.9
       D:15 |   12182 |    3758 |  23.6 |      28 |       7 |  20.0
     Lair:1 |    5608 |       0 |   0.0 |      25 |       0 |   0.0
     Lair:2 |   10995 |       0 |   0.0 |      34 |       0 |   0.0
     Lair:3 |    7078 |   10077 |  58.7 |      20 |      30 |  60.0
     Lair:4 |    7046 |     123 |   1.7 |      30 |       7 |  18.9
     Lair:5 |    6892 |    9796 |  58.7 |      18 |      21 |  53.8
    Snake:1 |    2063 |    1742 |  45.8 |       3 |       1 |  25.0
      Orc:1 |    4185 |    5447 |  56.6 |      32 |      14 |  30.4
      Orc:2 |    3557 |    8369 |  70.2 |      23 |      33 |  58.9
      IceCv |       0 |    3496 | 100.0 |       0 |      28 | 100.0
            +---------+---------+-------+---------+---------+-------
